 Dungeon Crawl Stone Soup version 0.22-a0-354-g30dfbe6fde (webtiles) character file.

1219 Principatus the Ruffian (level 8, -3/79 HPs)
             Began as a Troll Monk on Apr 16, 2018.
             Was a Priest of Kikubaaqudgha.
             Incinerated by loom's ghost (7 damage)
             ... with a sticky flame
             ... on level 6 of the Dungeon.
             The game lasted 00:15:53 (4570 turns).

Principatus the Ruffian (Troll Monk)                Turns: 4570, Time: 00:15:53

Health: -3/79      AC:  9    Str: 20    XL:     8   Next: 23%
Magic:  7/7        EV:  7    Int:  8    God:    Kikubaaqudgha [***...]
Gold:   341        SH: 14    Dex: 12    Spells: 7/7 levels left

rFire    . . .     SeeInvis .     - Unarmed
rCold    . . .     Gourm    +   q - +0 large shield
rNeg     . . .     Faith    .   a - +0 robe
rPois    +         Spirit   .   (helmet restricted)
rElec    .         Reflect  .   (no cloak)
rCorr    .         Harm     .   (gloves unavailable)
MR       .....                  (boots unavailable)
Stlth    +.........             (no amulet)
HPRegen  0.63/turn              D - +4 ring of protection
MPRegen  0.10/turn              j - ring of poison resistance

@: liquid flames, glowing
A: large, unfitting armour, claws 3, fast metabolism 3, gourmand, regeneration
1, shaggy fur 1, tough skin 2
a: Receive Corpses, Renounce Religion


You were on level 6 of the Dungeon.
You worshipped Kikubaaqudgha.
Kikubaaqudgha was most pleased with you.
You were full.

You visited 1 branch of the dungeon, and saw 6 of its levels.

You collected 341 gold pieces.

Inventory:

Missiles
 d - 159 stones (quivered)
 n - 7 javelins
 o - 9 poisoned needles
 y - 33 sling bullets
 C - 3 exploding tomahawks
Armour
 a - a +0 robe (worn)
 q - a +0 large shield (worn)
Jewellery
 f - an uncursed ring of positive energy
 j - a ring of poison resistance (right claw)
 u - a +4 ring of strength
 z - an uncursed ring of flight
 D - a +4 ring of protection (left claw)
Scrolls
 g - 5 scrolls of remove curse
 h - a scroll of amnesia
 i - a scroll of teleportation
 p - 2 scrolls of enchant armour {unknown}
 t - a scroll of enchant weapon {unknown}
 w - a scroll of magic mapping {unknown}
 x - a scroll of immolation {unknown}
 A - a scroll of fog {unknown}
 E - a scroll of noise {unknown}
Potions
 c - a potion of magic {unknown}
 e - 2 potions of agility
 k - a potion of haste {unknown}
 l - 2 potions of curing
 m - a potion of experience {unknown}
 r - a potion of heal wounds {unknown}
 v - a potion of brilliance {unknown}
Comestibles
 b - 14 rations


   Skills:
 + Level 4.9 Fighting
 - Level 2.4 Dodging
 - Level 1.0 Stealth
 * Level 4.4 Shields
 + Level 7.0 Unarmed Combat


You had 7 spell levels left.
You didn't know any spells.

Dungeon Overview and Level Annotations

Branches:
Dungeon (6/15)
 Temple: D:4-7

Altars:
Ashenzari
Dithmenos
Fedhas
Gozag
Kikubaaqudgha
Vehumet

Annotations:
D:6 loom's ghost, novice DrFE


Innate Abilities, Weirdness & Mutations

You are too large for most types of armour.
You have claws for hands.
Your metabolism is lightning-fast.
You like to eat raw meat.
Your natural rate of healing is unusually fast.
You are covered in fur. (AC +1)
You have very tough skin. (AC +2)


Message History

You are covered in liquid flames!
* * * LOW HITPOINT WARNING * * *
Loom's ghost hits you.
* * * LOW HITPOINT WARNING * * *
You are covered in liquid flames!
* * * LOW HITPOINT WARNING * * *
You are covered in liquid flames!
* * * LOW HITPOINT WARNING * * *
Your surroundings suddenly seem different.
You feel better.
You are covered in liquid flames!
* * * LOW HITPOINT WARNING * * *
You feel better.
You are covered in liquid flames!
* * * LOW HITPOINT WARNING * * *
You are covered in liquid flames!
* * * LOW HITPOINT WARNING * * *
You are covered in liquid flames!
You die...
Kikubaaqudgha rasps: "You have failed me!
Welcome... death!"

#.....###.##
#.#..#####..
#.....# #..#
#.#..#...#..
#.....# ##.##
#....#...'..
###..[..# #..#
####.#...#..
#....#.## ##.##
###.#.#####
#....#.# ####..#
#...รท.# #....#.#
#.....# #.#.###
#....#.#
#.....#####.#.#
#.....)#
#.<.@.......#.#
#####.###
######.######.#
#.....# #.#
###.#### #.#####
#.. #......#
#.###############.#
#.#.##.##
#.............#
#..##....#..#
#############.#
#.#..._....##
###### #.#
#...........#
#....# ##.##
##..........#


There were no monsters in sight!

Vanquished Creatures
  Sigmund (D:2)
  An ice beast (D:5)
  A necrophage (D:6)
  An ogre (D:4)
  A bullfrog (D:6)
  A crimson imp (D:5)
  A quasit (D:5)
  A jelly (D:6)
  3 orc wizards
  A hound (D:5)
  2 orc priests
  An iguana (D:4)
  5 worker ants
  2 hound skeletons
  Robin (D:2)
  2 howler monkey skeletons
  12 adders
  2 oozes (D:1)
  4 worms
  6 leopard geckos
  22 orcs
  9 bats
  7 giant cockroaches
  18 goblins
  12 hobgoblins
  7 jackals (D:3)
  2 quokkas
  2 ball pythons
  9 frilled lizards
  4 kobolds
  A leopard gecko skeleton (D:6)
  7 rats
149 creatures vanquished.

Vanquished Creatures (others)
  A human (D:4)
1 creature vanquished.

Grand Total: 150 creatures vanquished

Notes
Turn   | Place    | Note
-------+----------+-------------------------------------------
     0 | D:1      | Principatus the Troll Monk began the quest for the Orb.
     0 | D:1      | Reached XP level 1. HP: 22/22 MP: 0/0
    60 | D:1      | Reached XP level 2. HP: 29/29 MP: 1/1
   303 | D:1      | Reached XP level 3. HP: 33/36 MP: 2/2
   427 | D:1      | Reached skill level 4 in Unarmed Combat
  1097 | D:2      | Reached XP level 4. HP: 38/45 MP: 3/3
  1211 | D:2      | Noticed Robin
  1253 | D:2      | Killed Robin
  1479 | D:2      | Noticed Sigmund
  1491 | D:2      | Killed Sigmund
  1491 | D:2      | Reached skill level 5 in Unarmed Combat
  1491 | D:2      | Reached XP level 5. HP: 40/54 MP: 4/4
  1733 | D:2      | Found a blossoming altar of Fedhas.
  1774 | D:2      | Reached XP level 6. HP: 57/62 MP: 5/5
  2340 | D:3      | Reached skill level 1 in Shields
  2628 | D:4      | Found an ancient bone altar of Kikubaaqudgha.
  2628 | D:4      | Noticed a human
  2631 | D:4      | Killed a human
  2636 | D:4      | Became a worshipper of Kikubaaqudgha
  2636 | D:4      | Reached * piety under Kikubaaqudgha
  2636 | D:4      | Identified Kikubaaqudgha's Almanac of Darkness (Kikubaaqudgha gifted it to you on level 4 of the Dungeon)
  2636 | D:4      | Received a gift from Kikubaaqudgha
  2636 | D:4      | Reached ** piety under Kikubaaqudgha
  2723 | D:4      | Reached skill level 6 in Unarmed Combat
  2912 | D:4      | Reached XP level 7. HP: 70/70 MP: 6/6
  3243 | D:5      | Entered Level 5 of the Dungeon
  3712 | D:5      | Reached *** piety under Kikubaaqudgha
  3712 | D:5      | Identified Kikubaaqudgha's Volume of Evil Magic (Kikubaaqudgha gifted it to you on level 5 of the Dungeon)
  3712 | D:5      | Received a gift from Kikubaaqudgha
  4151 | D:6      | Reached XP level 8. HP: 55/79 MP: 7/7
  4251 | D:6      | Found a shadowy altar of Dithmenos.
  4252 | D:6      | Found a shattered altar of Ashenzari.
  4253 | D:6      | Noticed loom's ghost (novice DrFE)
  4253 | D:6      | Found an opulent altar of Gozag.
  4421 | D:6      | Reached skill level 7 in Unarmed Combat
  4538 | D:6      | Found a radiant altar of Vehumet.
  4566 | D:6      | HP: 1/78 [burnt (7)]
  4570 | D:6      | Incinerated by loom's ghost

Vault maps used:
D:1:      dpeg_arrival_tiny_f, st_stairs_14, minmay_misc_feat_square,
          grunt_decor_one_mirror, minmay_nonomino_d4
D:2:      overflow_temple_1_default, kennysheep_big_empty_room, uniq_robin,
          uniq_sigmund
D:4:      tgw_kikubaaqudgha
D:5:      cheibrodos_fzero, first_ration
D:6:      kennysheep_little_box, grunt_temple_overflow_open

Skill      XL: |  1  2  3  4  5  6  7  8 |
---------------+-------------------------+-----
Unarmed Combat | 4 5 6 7 |  7.0
Fighting       | 3 4 |  4.9
Shields        | 2 3 4 |  4.4
Dodging        | |  2.4
Stealth        | |  1.0

Action                   |  1- 3 |  4- 6 |  7- 9 || total
-------------------------+-------+-------+-------++-------
Melee: Unarmed           |   110 |   157 |   170 ||   437
       Punch             |     2 |       |       ||     2
Throw: Stone             |       |     6 |       ||     6
  Use: Scroll            |     1 |     1 |     5 ||     7
       Potion            |       |       |     2 ||     2
 Stab: Sleeping          |     4 |       |       ||     4
  Eat: Chunk             |    15 |    17 |    12 ||    44
Armor: Robe              |    40 |    45 |    55 ||   140
Dodge: Dodged            |    61 |    55 |    28 ||   144
Block: Large shield      |       |    60 |   102 ||   162

Table legend:
 A = Spawn XP
 B = Non-spawn XP
 C = Spawn XP percentage of total XP
 D = Spawn monster count
 E = Non-spawn monster count
 F = Spawn count percentage of total count
 G = Total turns spent on level
                    A         B        C        D         E        F      G
               +---------+---------+-------+---------+---------+-------+---------
         Total |       0 |    1742 |   0.0 |       0 |     149 |   0.0 |  4570
               +---------+---------+-------+---------+---------+-------+---------
           D:1 |       0 |      74 |   0.0 |       0 |      37 |   0.0 |   920
           D:2 |       0 |     307 |   0.0 |       0 |      30 |   0.0 |  1104
           D:3 |       0 |      97 |   0.0 |       0 |      24 |   0.0 |   529
           D:4 |       0 |     345 |   0.0 |       0 |      19 |   0.0 |   698
           D:5 |       0 |     444 |   0.0 |       0 |      21 |   0.0 |   784
           D:6 |       0 |     475 |   0.0 |       0 |      18 |   0.0 |   535
               +---------+---------+-------+---------+---------+-------+---------
